 Dungeon Crawl Stone Soup version 0.16-a0-1029-gdfc7942 (webtiles) character file.

85 Kold the Chopper (level 4, -7/40 HPs)
             Began as a Minotaur Fighter on Oct 4, 2014.
             Killed from afar by an orc wizard (10 damage)
             ... with a magic dart
             ... on level 3 of the Dungeon.
             The game lasted 00:03:19 (1872 turns).

Kold the Chopper (Minotaur Fighter)                 Turns: 1872, Time: 00:03:19

HP  -7/40        AC  8     Str 21      XL: 4   Next: 25%
MP   2/2         EV 13     Int  5      God:
Gold 113         SH  5     Dex 15      Spells:  0 memorised,  3 levels left

rFire  . . .     SeeInvis .     f - +1 hand axe (freeze)
rCold  . . .     Clarity  .     b - +0 scale mail
rNeg   . . .     rCorr    .     o - +0 buckler
rPois  .         rRot     .     (helmet restricted)
rElec  .         Spirit   .     (no cloak)
SustAb .         Warding  .     (no gloves)
rMut   .         Stasis   +     s - +0 pair of boots
Gourm  .                        k - amulet of stasis
MR     .....                    (no ring)
                                (no ring)

@: agile, not resistant to hostile enchantments, very unstealthy
A: retaliatory headbutt, horns 2
a: no special abilities


You were on level 3 of the Dungeon.
You were not hungry.

You visited 1 branch of the dungeon, and saw 3 of its levels.

You collected 113 gold pieces.

Inventory:

Hand weapons
 a - a +0 war axe
 f - a +1 hand axe of freezing (weapon)
Armour
 b - a +0 scale mail (worn)
 o - a +0 buckler (worn)
 s - a +0 pair of boots (worn)
Comestibles
 d - 2 bread rations
 h - a meat ration
 i - a slice of pizza
 p - a rotting chunk of goblin flesh
 r - a beef jerky
 t - a chunk of adder flesh
 u - a chunk of jackal flesh
 v - a chunk of hobgoblin flesh
 w - a chunk of rat flesh
Scrolls
 c - 2 scrolls of identify {unknown}
 g - 3 scrolls of enchant weapon {unknown}
 x - a scroll of teleportation {unknown}
Jewellery
 k - an amulet of stasis (around neck)
Potions
 e - a potion of might
 j - a potion of agility
 l - a potion of flight {unknown}
 m - 2 potions of heal wounds {unknown}
 n - a potion of curing {unknown}
 q - a potion of degeneration {unknown}
 z - 2 potions of brilliance {unknown}


   Skills:
 - Level 3.7 Fighting
 + Level 5.1 Axes
 - Level 3.7 Armour
 - Level 3.9 Shields


You had 3 spell levels left.
You didn't know any spells.

Dungeon Overview and Level Annotations

Branches:
Dungeon (3/15)

Altars:

Annotations:
D:3 Terence


Innate Abilities, Weirdness & Mutations

You reflexively headbutt those who attack you in melee.
You have a pair of horns on your head.


Message History

Unknown command.
You closely miss the orc priest. You headbutt the orc priest!
The orc priest is heavily wounded.
The orc wizard gestures wildly while chanting.
The orc wizard seems to speed up.
You closely miss the orc priest.
The orc priest is heavily wounded.
The orc priest invokes the aid of Beogh against you.
Something smites you!
* * * LOW HITPOINT WARNING * * *
The orc wizard mumbles some strange words.
The orc wizard blinks!
Terence the Incautious comes into view.
He is wielding a hand axe.
Drink which item? (? for menu, Esc to quit)
You feel agile all of a sudden.
It was a potion of agility.
The orc priest hits you with a mace.
* * * LOW HITPOINT WARNING * * *
The orc wizard gestures at you while chanting.
The magic dart hits you!
You die...

#### #.@ #o# . #@#
..# #.#######..#.
#####o...........
..........>......##
.########.#...###
#.......#.#
#...)..<# #
#....(.##
#.........


You could see Terence, an orc priest and an orc wizard.

Vanquished Creatures
  3 adders (D:2)
  4 giant geckos
  An orc (D:3)
  5 giant cockroaches
  6 goblins
  6 hobgoblins
  5 jackals
  2 quokkas (D:2)
  5 bats
  3 giant newts
  6 kobolds
  3 rats (D:2)
49 creatures vanquished.

Notes
Turn   | Place    | Note
--------------------------------------------------------------
     0 | D:1      | Kold, the Minotaur Fighter, began the quest for the Orb.
     0 | D:1      | Reached XP level 1. HP: 19/19 MP: 1/1
   120 | D:1      | Reached XP level 2. HP: 21/27 MP: 1/1
   735 | D:1      | Reached XP level 3. HP: 33/33 MP: 2/2
   947 | D:2      | Reached skill level 4 in Axes
  1731 | D:2      | Reached XP level 4. HP: 40/40 MP: 2/2
  1734 | D:2      | Reached skill level 5 in Axes
  1872 | D:3      | Noticed Terence
  1872 | D:3      | Killed from afar by an orc wizard

Action                   |  1- 3 |  4- 6 || total
-------------------------+-------+-------++-------
Melee: Hand axe          |    92 |    14 ||   106
       War axe           |     1 |       ||     1
  Use: Potion            |       |     1 ||     1
  Eat: Chunk             |     3 |       ||     3
